 Dungeon Crawl Stone Soup version 0.29-a0-72-g1732ff48e7 (webtiles) character file.

Game seed: 7344132126577376366

182207 timneilson the Tortoise (level 18, -7/184 HPs)
             Began as a Gargoyle Fighter on Feb 3, 2022.
             Was the Champion of Okawaru.
             Mangled by an anaconda (9 damage)
             ... on level 4 of the Snake Pit.
             The game lasted 01:26:10 (35048 turns).

timneilson the Tortoise (Gargoyle Fighter)         Turns: 35048, Time: 01:26:11

Health: -7/184     AC: 53    Str: 48    XL:     18   Next: 33%
Magic:  21/26      EV: 10    Int: 13    God:    Okawaru [******]
Gold:   1823       SH: 23    Dex: 11    Spells: 17/17 levels left

rFire   x . .      SeeInvis .   b - +9 long sword of the Genius {freeze, rCorr Dex+4}
rCold   + + .      Faith    .   Z - +2 tower shield {reflect}
rNeg    + . .      Spirit   .   p - +0 crystal plate armour of Onkeq {Contam Str+7}
rPois   ∞          Reflect  +   e - +1 helmet
rElec   +          Harm     .   d - +0 cloak
rCorr   +          Rampage  .   H - +1 pair of gloves {Str+3}
Will    ++...                   E - +2 pair of boots of Uhups {rCorr Str+5}
Stlth   ..........              R - amulet of regeneration
HPRegen 1.20/turn               l - ring of ice
MPRegen 0.20/turn               W - ring of Zigek {Will+ Str+6 Int+3}

@: berserking (expiring), heroic, flying, hasted, constricted, very quick
A: sickness immunity, AC +13, big wings, negative energy resistance 1,
electricity resistance, torment resistance 1, petrification resistance, clumsy
1, cold resistance 1, robust 1
a: Renounce Religion, Heroism, Finesse, Duel


You were on level 4 of the Snake Pit.
You worshipped Okawaru.
Okawaru was exalted by your worship.
You visited 5 branches of the dungeon, and saw 28 of its levels.
You also visited: Ice Cave and Volcano.

You collected 2818 gold pieces.
You spent 995 gold pieces at shops.

Inventory:

Hand Weapons
 b - the +9 long sword of the Genius (weapon) {freeze, rCorr Dex+4}
   (You found it on level 8 of the Dungeon)

   It freezes those it strikes, dealing additional cold damage.
   It can also slow down cold-blooded creatures.
   Dex:       It affects your dexterity (+4).
   rCorr:     It protects you from acid and corrosion.
 o - a +4 scimitar of flaming
 P - a +2 double sword of venom
Missiles
 m - 30 javelins (quivered)
Armour
 d - a +0 cloak (worn)
 e - a +1 helmet (worn)
 p - the +0 crystal plate armour of Onkeq (worn) {Contam Str+7}
   (Okawaru gifted it to you on level 10 of the Dungeon)

   Str:       It affects your strength (+7).
   Contam:    It causes magical contamination when unequipped.
 E - the +2 pair of boots of Uhups (worn) {rCorr Str+5}
   (Okawaru gifted it to you on level 3 of the Lair of Beasts)

   Str:       It affects your strength (+5).
   rCorr:     It protects you from acid and corrosion.
 H - a +1 pair of gloves of strength (worn)
 Z - a +2 tower shield of reflection (worn)
Jewellery
 f - a +6 ring of dexterity
 l - a ring of ice (left hand)
 n - a ring of positive energy
 x - a ring of see invisible
 z - a +4 ring of evasion
 A - a ring of ice
 R - an amulet of regeneration (around neck)
 W - the ring of Zigek (right hand) {Will+ Str+6 Int+3}
   (You bought it in a shop on level 1 of the Snake Pit)

   [ring of strength]

   Str:       It affects your strength (+6).
   Int:       It affects your intelligence (+3).
   Will:      It increases your willpower.
Wands
 i - a wand of acid (11)
 j - a wand of polymorph (5)
 r - a wand of iceblast (11)
 v - a wand of paralysis (7)
 I - a wand of digging (5)
 J - a wand of flame (26)
Scrolls
 t - 2 scrolls of teleportation
 u - 3 scrolls of magic mapping
 B - 2 scrolls of holy word
 C - 3 scrolls of silence
 G - 3 scrolls of fear
 M - 2 scrolls of enchant weapon
 N - 6 scrolls of identify
 S - a scroll of enchant armour
Potions
 a - 4 potions of might
 g - 3 potions of mutation
 h - 2 potions of berserk rage
 k - 3 potions of attraction
 q - 8 potions of curing
 s - 2 potions of brilliance
 w - a potion of resistance
 K - 2 potions of cancellation
 Q - a potion of haste
 T - a potion of ambrosia
 Y - a potion of invisibility
Miscellaneous
 c - a tin of tremorstones (2/2)
 y - a condenser vane


   Skills:
 + Level 12.1(17.1) Fighting
 * Level 13.9(18.9) Long Blades
 + Level 6.0(11.0) Throwing
 * Level 16.4(21.4) Armour
 + Level 8.9(13.9) Dodging
 * Level 16.4(21.4) Shields
 + Level 10.7 Invocations
 + Level 9.0 Evocations


You had 17 spell levels left.
You didn't know any spells.
Your spell library contained the following spells:

 Spells                   Type           Power      Damage    Failure   Level
 Sandblast                Erth           0%         2d4       92%         1
 Slow                     Hex            0%         N/A       92%         1
 Blink                    Tloc           0%         N/A       98%         2
 Corpse Rot               Necr/Air       0%         N/A       98%         2
 Ensorcelled Hibernation  Hex/Ice        0%         N/A       98%         2
 Passwall                 Tmut/Erth      0%         N/A       98%         2
 Poisonous Vapours        Pois/Air       0%         N/A       98%         2
 Scorch                   Fire           0%         2d5       98%         2
 Static Discharge         Conj/Air       0%         N/A       98%         2
 Confusing Touch          Hex            0%         N/A       100%        3
 Inner Flame              Hex/Fire       0%         N/A       100%        3
 Lesser Beckoning         Tloc           0%         N/A       100%        3
 Stone Arrow              Conj/Erth      0%         3d7       100%        3
 Swiftness                Air            0%         N/A       100%        3
 Vampiric Draining        Necr           0%         2d6       100%        3
 Cause Fear               Hex            0%         N/A       100%        4
 Dispel Undead            Necr           0%         3d6       100%        4
 Flame Wave               Conj/Fire      0%         2d4       100%        4
 Fulminant Prism          Conj/Hex       0%         3d6       100%        4
 Iskenderun's Mystic Bla  Conj/Tloc      0%         2d3       100%        4
 Petrify                  Tmut/Erth      0%         N/A       100%        4
 Sticky Flame             Conj/Fire      0%         2d3       100%        4
 Fireball                 Conj/Fire      0%         3d3       100%        5
 Lee's Rapid Deconstruct  Erth           0%         3d5*      100%        5
 Manifold Assault         Tloc           0%         N/A       100%        5
 Metabolic Englaciation   Hex/Ice        0%         N/A       100%        5
 Starburst                Conj/Fire      0%         6d3       100%        6
 Discord                  Hex            0%         N/A       100%        8
 Ignition                 Fire           0%         3d3       100%        8
 Statue Form              Tmut/Erth      Unusable   N/A       N/A         6
 Summon Cactus Giant      Summ           Unusable   N/A       N/A         6

Dungeon Overview and Level Annotations

Branches:
Dungeon (15/15)            Temple (1/1) D:4            Lair (6/6) D:8
 Shoals (0/4) Lair:2        Snake (4/4) Lair:4        Slime (0/5) Lair:6
    Orc (2/2) D:11            Elf (0/3) Orc:2        Vaults (0/5) D:14
 Depths (0/4) D:15          IceCv (visited)         Volcano (visited)

Altars:
Ashenzari
Cheibriados
Dithmenos
Elyvilon
Fedhas
Gozag
Hepliaklqana
Kikubaaqudgha
Makhleb
Nemelex Xobeh
Okawaru
Qazlal
Ru
Sif Muna
Trog
Uskayaw
Vehumet
Wu Jian
Xom
Yredelemnul
Zin
The Shining One
Beogh
Jiyva
Lugonu

Shops:
D:1 (   D:2 :   D:8 [   D:15 (   Orc:2 ([=(   Snake:1 :=:

Portals:
Abyss: Lair:6

Annotations:
D:12 3 runed translucent doors, HallandMoats's ghost, journeyman VSFi
Snake:4 Mara


Innate Abilities, Weirdness & Mutations

You are immune to sickness and miasma.
Your stone body is resilient. (AC +13)
You are immune to poison.
Your large and strong wings let you fly.
You resist negative energy. (rN+)
You are resistant to electric shocks. (rElec)
You are resistant to unholy torment.
You are immune to petrification.
You are clumsy. (Dex -2)
Your flesh is cold resistant. (rC+)
You are robust. (+10% HP)


Message History

The anaconda is moderately wounded.
The anaconda bites you but does no damage.
The anaconda barely misses you. The anaconda constricts you.
You block the sea snake's attack. You block the shock serpent's attack.
The black mamba bites you but does no damage.
A naga comes into view. It is wielding a +0 dire flail.
The naga hits you from afar with a +0 glaive.
* * * LOW HITPOINT WARNING * * *
You slice the sea snake!! You freeze the sea snake.
The sea snake is moderately wounded.
The anaconda bites you but does no damage. x2
You block the anaconda's attack. The anaconda constricts you.
You block the salamander's attack. You block the black mamba's attack.
The shock serpent bites you!
* * * LOW HITPOINT WARNING * * *
The shock serpent shocks you. You resist.
* * * LOW HITPOINT WARNING * * *
The sea snake barely misses you.
Unknown command.
You carve the sea snake like a ham!!! You freeze the sea snake!
You kill the sea snake!
Okawaru accepts your kill.
The anaconda bites you but does no damage.
You block the anaconda's attack. The anaconda constricts you.
You block the anaconda's attack.
Unknown command.
You barely miss the shock serpent. You block the black mamba's attack.
You block the shock serpent's attack.
The naga drinks a potion.
The naga seems to grow stronger.
A naga sharpshooter comes into view.
It is wielding a +3 battleaxe of electrocution.
You block the salamander's attack.
The anaconda bites you but does no damage.
The shock serpent barely misses you.
A salamander comes into view. It is wielding a +0 trident.
The anaconda bites you but does no damage.
The anaconda constricts you.
* * * LOW HITPOINT WARNING * * *
You miss the shock serpent. You block the black mamba's attack.
The shock serpent barely misses you. The anaconda bites you!
You die...

.. . .# #######N
#.#..N' #...NN##
+..SSS.# ###@###
##SSSS.##
#RNSS...##
#..#####..#
#@##...##.##
#NRS........#
#N.#.....#..#######
N #.⌠.⌠.##..##.⌠.##
#.......#..#.....#


You could see 2 Maras, a naga warrior, a naga sharpshooter, 2 salamanders, 3
anacondas, 2 shock serpents, a mana viper, 3 black mambas, a naga mage (fast), 3
nagas and timneilson's illusion (fast).

Vanquished Creatures
  Vashnia (Snake:2)
  Frances (Snake:1)
  Agnes (D:14)
  Roxanne (D:14)
  3 nagarajas (Snake:3)
  Aizul (Snake:1)
  A caustic shrike zombie (D:15)
  Louise (D:14)
  A juggernaut zombie (D:15)
  Nessos (D:13)
  2 blizzard demons (IceCv)
  15 naga warriors
  A salamander tyrant (Snake:4)
  11 hydras
  2 boulder beetles
  A caustic shrike simulacrum (IceCv)
  An ice dragon (D:14)
  4 anacondas
  2 ogre magi (Orc:2)
  Erica (D:9)
  2 catoblepae
  3 centaur warriors
  11 two-headed ogres
  5 death yaks (Lair:4)
  2 tengu warriors (D:12)
  2 thrashing horrors (Lair:6)
  An orc high priest (Orc:1)
  2 large abominations (Lair:6)
  12 naga sharpshooters
  Sonja (Lair:6)
  A hell knight (Volcano)
  8 shock serpents
  10 skeletal warriors
  3 salamander mystics
  10 sea snakes
  7 spriggan simulacra (IceCv)
  2 deep trolls (Orc:2)
  An obsidian statue (IceCv)
  A golden dragon skeleton (D:15)
  A bog body (IceCv)
  Pikel (D:8)
  2 phantasmal warriors
  A necromancer (D:15)
  A lindwurm (Lair:6)
  4 naga ritualists
  A deep elf pyromancer (D:12)
  10 ugly things
  A wolf spider (D:15)
  7 cyclopes
  14 mana vipers
  23 elephants
  2 manticores
  2 orc sorcerers (Orc:1)
  A faun (shapeshifter) (D:14)
  14 salamanders
  5 guardian serpents
  28 black mambas
  Maurice (D:13)
  An ice statue (Snake:3)
  A fire giant skeleton (D:15)
  3 smoke demons
  14 naga magi
  2 gargoyles
  15 cane toads
  6 kobold demonologists
  3 rime drakes
  Maggie (Lair:1)
  A rime drake (shapeshifter) (D:14)
  10 komodo dragons
  5 freezing wraiths (IceCv)
  7 entropy weaver simulacra (IceCv)
  2 anaconda simulacra (IceCv)
  11 ice devils (IceCv)
  13 trolls
  An ancient zyme (Lair:6)
  A golden dragon simulacrum (IceCv)
  A polar bear (Lair:4)
  12 blink frogs
  A wind drake (Lair:2)
  A hornet (D:9)
  16 slime creatures
  A meliai zombie (D:11)
  6 dream sheep (Lair:4)
  3 dire elephant simulacra (IceCv)
  A shadow (D:8)
  5 wyverns
  2 vampires
  3 ynoxinuls (Lair:6)
  A spriggan (Lair:6)
  2 wraiths
  3 chaos spawn (Lair:6)
  6 basilisks
  2 fire bats (Lair:2)
  A fire elemental (Lair:2)
  5 minotaur simulacra (IceCv)
  36 yaks
  2 vampire mosquitoes (D:10)
  Menkaure (D:4)
  2 wargs (Orc:2)
  7 acid dragons
  50 nagas
  A hydra simulacrum (IceCv)
  5 hell hounds
  12 water moccasins
  A floating eye (shapeshifter) (Lair:6)
  8 orc warriors
  3 black bears
  An ettin simulacrum (IceCv)
  22 ogres
  3 alligator simulacra (IceCv)
  14 centaurs
  3 phantoms
  16 wolves
  3 kobold brigands
  2 lemures (D:8)
  A gnoll sergeant (D:10)
  13 bullfrogs
  5 deep troll simulacra (IceCv)
  7 scorpions
  14 small abominations (Lair:6)
  A lindwurm simulacrum (IceCv)
  12 killer bees
  2 howler monkeys
  A lava snake (Lair:2)
  11 centaur zombies
  A bullfrog zombie (D:5)
  2 hounds
  Crazy Yiuf (D:2)
  7 orc priests
  A jelly (D:4)
  A gnoll shaman (D:8)
  2 iguanas
  Terence (D:3)
  Natasha (thrice) (D:2)
  10 orc wizards
  2 hell rats (Lair:4)
  3 killer bee zombies
  2 hound skeletons (D:4)
  2 howler monkey zombies (D:9)
  Robin (D:4)
  11 gnolls
  13 adders
  A shadow imp (D:8)
  2 adder skeletons (D:4)
  4 worms
  7 dart slugs
  56 orcs
  8 endoplasms
  4 giant cockroaches
  16 goblins
  8 hobgoblins
  6 jackals
  16 kobolds
  10 ball pythons
  11 bats
  2 frilled lizards (D:1)
  7 rats
904 creatures vanquished.

Vanquished Creatures (others)
  A naga (Snake:1)
  35 fungi
  109 plants
145 creatures vanquished.

Grand Total: 1049 creatures vanquished

Notes
Turn   | Place    | Note
-------+----------+-------------------------------------------
     0 | D:1      | timneilson the Gargoyle Fighter began the quest for the
                  | Orb.
     0 | D:1      | Reached XP level 1. HP: 14/14 MP: 1/1
    76 | D:1      | Reached XP level 2. HP: 11/19 MP: 2/2
   612 | D:1      | Reached XP level 3. HP: 23/23 MP: 3/3
   906 | D:1      | Found Fuonuodif's Antique Weapon Emporium.
  1462 | D:2      | Noticed Natasha
  1472 | D:2      | Killed Natasha
  1473 | D:2      | Reached XP level 4. HP: 28/28 MP: 4/4
  1737 | D:2      | Reached XP level 5. HP: 27/33 MP: 5/5
  1826 | D:2      | Reached skill level 1 in Dodging
  1893 | D:2      | Noticed Natasha
  1912 | D:2      | Killed Natasha
  2377 | D:2      | Found Xosag's Book Emporium.
  2410 | D:2      | Found a runed translucent door.
  2411 | D:2      | Noticed Crazy Yiuf
  2601 | D:2      | Noticed Natasha
  2616 | D:2      | Killed Natasha
  2991 | D:2      | Killed Crazy Yiuf
  3091 | D:2      | Identified the +12 mace "Vearaal" {vorpal, Will+ Str+2
                  | SInv}
  3164 | D:3      | Reached XP level 6. HP: 30/38 MP: 6/6
  3368 | D:3      | Noticed Terence
  3394 | D:3      | Killed Terence
  3762 | D:4      | Noticed Menkaure
  3764 | D:4      | Found a shadowy altar of Dithmenos.
  3773 | D:4      | Killed Menkaure
  3774 | D:4      | Reached skill level 5 in Armour
  3774 | D:4      | Reached skill level 5 in Shields
  3774 | D:4      | Reached XP level 7. HP: 3/43 MP: 7/7
  4102 | D:4      | Noticed Robin
  4134 | D:4      | Killed Robin
  4327 | D:4      | Found a staircase to the Ecumenical Temple.
  4402 | Temple   | Entered the Ecumenical Temple
  4692 | D:4      | You fall into a shaft and drop 2 floors!
  5015 | D:6      | Reached XP level 8. HP: 38/48 MP: 8/8
  5039 | D:6      | Found a sacrificial altar of Ru.
  5078 | D:6      | Found a broken altar of Ashenzari.
  5118 | D:6      | Found an opulent altar of Gozag.
  5142 | D:5      | Entered Level 5 of the Dungeon
  5625 | D:4      | Found a white marble altar of Elyvilon.
  6176 | D:5      | Reached skill level 5 in Fighting
  6454 | D:5      | Reached skill level 5 in Long Blades
  6529 | D:5      | Found the +7 Singing Sword {vorpal, sonic wave}
  6858 | D:5      | Reached XP level 9. HP: 46/54 MP: 9/9
  6861 | D:5      | Found a snail-covered altar of Cheibriados.
  6863 | D:5      | Found an iron altar of Okawaru.
  8132 | D:5      | Became a worshipper of Warmaster Okawaru
  8379 | D:7      | Found a bloodstained altar of Trog.
  8670 | D:7      | Found an ancient bone altar of Kikubaaqudgha.
  8699 | D:7      | Reached skill level 1 in Invocations
  9030 | D:7      | Reached * piety under Okawaru
  9031 | D:7      | Reached skill level 1 in Evocations
  9367 | D:8      | Identified the +9 long sword of the Genius {freeze, rCorr
                  | Dex+4}
  9599 | D:8      | Noticed a cyclops
  9615 | D:8      | Killed a cyclops
  9616 | D:8      | Reached XP level 10. HP: 7/60 MP: 11/11
  9985 | D:8      | Reached ** piety under Okawaru
 10011 | D:8      | Noticed Pikel
 10026 | D:8      | Killed Pikel
 10229 | D:8      | Found a staircase to the Lair.
 10321 | D:8      | Found Seuxtav's Armour Shop.
 10385 | D:8      | Reached *** piety under Okawaru
 10727 | D:9      | Noticed a gargoyle
 10730 | D:9      | Killed a gargoyle
 10920 | D:9      | Found a basalt altar of Yredelemnul.
 10923 | D:9      | Noticed Erica
 10929 | D:9      | Killed Erica
 10929 | D:9      | Reached **** piety under Okawaru
 10930 | D:9      | Reached XP level 11. HP: 60/66 MP: 10/13
 11987 | D:9      | Noticed a two-headed ogre
 11993 | D:9      | Killed a two-headed ogre
 12373 | D:10     | Entered Level 10 of the Dungeon
 12420 | D:10     | Found a hide-covered altar of Uskayaw.
 12478 | D:10     | Reached ***** piety under Okawaru
 12731 | D:10     | Reached skill level 10 in Armour
 12733 | D:10     | Identified the +0 crystal plate armour of Onkeq {Contam
                  | Str+7} (Okawaru gifted it to you on level 10 of the
                  | Dungeon)
 12733 | D:10     | Received a gift from Okawaru
 13192 | D:10     | Reached skill level 10 in Shields
 13404 | D:11     | Noticed a two-headed ogre
 13410 | D:11     | Killed a two-headed ogre
 13573 | D:11     | Noticed a cyclops
 13575 | D:11     | Killed a cyclops
 13837 | D:11     | Reached skill level 5 in Dodging
 13837 | D:11     | Reached skill level 5 in Invocations
 13837 | D:11     | Reached XP level 12. HP: 72/72 MP: 15/15
 14094 | D:11     | Found a staircase to the Orcish Mines.
 14214 | D:12     | Noticed a seven-headed hydra
 14220 | D:12     | Killed a seven-headed hydra
 14229 | D:12     | Noticed a tengu warrior
 14229 | D:12     | Noticed a tengu warrior
 14238 | D:12     | Killed a tengu warrior
 14244 | D:12     | Killed a tengu warrior
 14521 | D:12     | Received a gift from Okawaru
 14810 | D:12     | Noticed a minotaur
 14811 | D:12     | Noticed HallandMoats's ghost (journeyman VSFi)
 14814 | D:12     | Noticed an ogre mage
 14833 | D:12     | Found a runed translucent gate.
 14833 | D:12     | Found a runed translucent gate.
 14842 | D:12     | Found a runed translucent gate.
 15700 | D:13     | Noticed Maurice
 15701 | D:13     | Noticed a boulder beetle
 15702 | D:13     | Noticed a centaur warrior
 15704 | D:13     | Noticed a two-headed ogre
 15710 | D:13     | Reached skill level 5 in Evocations
 15714 | D:13     | Killed a centaur warrior
 15715 | D:13     | Reached XP level 13. HP: 12/79 MP: 15/17
 15868 | Lair:1   | Entered Level 1 of the Lair of Beasts
 16164 | Lair:1   | Noticed Maggie
 16183 | Lair:1   | Killed Maggie
 17083 | Lair:2   | Received a gift from Okawaru
 17307 | Lair:2   | Reached skill level 10 in Long Blades
 17711 | Lair:2   | Found a staircase to the Shoals.
 18446 | Lair:3   | Identified the +2 pair of boots of Uhups {rCorr Str+5}
                  | (Okawaru gifted it to you on level 3 of the Lair of Beasts)
 18446 | Lair:3   | Received a gift from Okawaru
 18897 | Lair:3   | Gained mutation: Your large and strong wings let you fly.
                  | [Gargoyle growth]
 18897 | Lair:3   | Reached XP level 14. HP: 86/86 MP: 16/19
 19654 | Lair:4   | Found a staircase to the Snake Pit.
 19777 | Lair:4   | Received a gift from Okawaru
 21015 | Lair:5   | Found a dark tunnel.
 21038 | Volcano  | Entered a volcano
 21710 | Lair:5   | You are sucked into a shaft and drop 1 floor!
 21710 | Lair:6   | Entered Level 6 of the Lair of Beasts
 21726 | Lair:6   | Reached skill level 1 in Throwing
 22253 | Lair:6   | Noticed Sonja
 22257 | Lair:6   | Killed Sonja
 22595 | Lair:6   | Found a viscous altar of Jiyva.
 22595 | Lair:6   | Found a staircase to the Slime Pits.
 22806 | Lair:6   | Reached XP level 15. HP: 79/92 MP: 18/21
 22814 | Lair:6   | Reached skill level 10 in Fighting
 22864 | Lair:6   | Reached ****** piety under Okawaru
 22982 | Lair:6   | Received a gift from Okawaru
 23104 | Lair:6   | Received a gift from Okawaru
 23119 | Lair:6   | Found a corrupted altar of Lugonu.
 23119 | Lair:6   | Found a one-way gate to the infinite horrors of the Abyss.
 23244 | Lair:6   | Paralysed by a floating eye for 3 turns
 23573 | Orc:1    | Entered Level 1 of the Orcish Mines
 24082 | Orc:2    | Entered Level 2 of the Orcish Mines
 24104 | Orc:2    | Received a gift from Okawaru
 24232 | Orc:2    | Received a gift from Okawaru
 24238 | Orc:2    | Paralysed by something for 2 turns
 24626 | Orc:2    | Found Juocaniy's Jewellery Shoppe.
 24637 | Orc:2    | Found Hiemub's Weapon Emporium.
 24652 | Orc:2    | Found Uvepniru's Antique Weapon Shop.
 24675 | Orc:2    | Found Zygosug's Armour Shoppe.
 24683 | Orc:2    | Bought a +0 kite shield for 67 gold pieces
 24891 | Orc:2    | Found a staircase to the Elven Halls.
 25613 | D:13     | Noticed Nessos
 25621 | D:13     | Killed Nessos
 25621 | D:13     | Received a gift from Okawaru
 26028 | D:13     | Killed Maurice
 26305 | D:14     | Noticed Louise
 26318 | D:14     | Killed Louise
 26318 | D:14     | Received a gift from Okawaru
 26418 | D:14     | Reached XP level 16. HP: 95/99 MP: 22/22
 26488 | D:14     | Noticed Agnes
 26501 | D:14     | Killed Agnes
 26573 | D:14     | Noticed Roxanne
 26802 | D:14     | Found an opulent altar of Gozag.
 26911 | D:14     | Received a gift from Okawaru
 27087 | D:14     | Found a gate to the Vaults.
 27377 | D:14     | Killed Roxanne
 27571 | D:15     | Entered Level 15 of the Dungeon
 27625 | D:15     | Found a staircase to the Depths.
 27646 | D:15     | Received a gift from Okawaru
 28703 | D:15     | Found Luacol's Weapon Shop.
 29256 | Snake:1  | Entered Level 1 of the Snake Pit
 29439 | Snake:1  | Reached skill level 15 in Armour
 29472 | Snake:1  | Reached skill level 15 in Shields
 29693 | Snake:1  | Noticed Frances
 29704 | Snake:1  | Gained mutation: You are occasionally teleported next to
                  | monsters. [a neqoxec]
 29709 | Snake:1  | Killed Frances
 29709 | Snake:1  | Received a gift from Okawaru
 30234 | Snake:1  | Received a gift from Okawaru
 30237 | Snake:1  | Noticed Aizul
 30248 | Snake:1  | Killed Aizul
 30339 | Snake:1  | Found Fadonugh's Book Shop.
 30339 | Snake:1  | Found Sosaisme's Jewellery Emporium.
 30340 | Snake:1  | Found Lest's Book Shop.
 30349 | Snake:1  | Bought the ring of Zigek {Will+ Str+6 Int+3} for 928 gold
                  | pieces
 30429 | Snake:1  | Received a gift from Okawaru
 30675 | Snake:2  | Lost mutation: You are occasionally teleported next to
                  | monsters. [potion of mutation]
 30675 | Snake:2  | Gained mutation: Your body sometimes deteriorates upon
                  | taking damage. [potion of mutation]
 30675 | Snake:2  | Gained mutation: You are agile. (Dex +2) [potion of
                  | mutation]
 30681 | Snake:2  | Lost mutation: You are agile. (Dex +2) [potion of mutation]
 30681 | Snake:2  | Lost mutation: Your body sometimes deteriorates upon taking
                  | damage. [potion of mutation]
 30681 | Snake:2  | Gained mutation: You are clumsy. (Dex -2) [potion of
                  | mutation]
 30681 | Snake:2  | Gained mutation: Your flesh is cold resistant. (rC+)
                  | [potion of mutation]
 30681 | Snake:2  | Gained mutation: You are robust. (+10% HP) [potion of
                  | mutation]
 30953 | Snake:2  | Reached XP level 17. HP: 105/114 MP: 24/24
 31232 | Snake:2  | Noticed Vashnia
 31906 | Snake:2  | Reached skill level 10 in Invocations
 31908 | Snake:2  | Killed Vashnia
 31914 | Snake:2  | Received a gift from Okawaru
 31964 | Snake:2  | Reached skill level 5 in Throwing
 32224 | Snake:2  | Identified the +0 leather armour "Seroonup" {Will+ Slay+2}
 32878 | Snake:2  | Found a shadowy altar of Dithmenos.
 33002 | Snake:3  | Received a gift from Okawaru
 33044 | Snake:3  | Received a gift from Okawaru
 33446 | Snake:3  | Found a frozen archway.
 33454 | Snake:3  | Received a gift from Okawaru
 33472 | IceCv    | Entered an ice cave
 33754 | IceCv    | Reached XP level 18. HP: 123/123 MP: 25/25
 33939 | IceCv    | Identified the +7 great sword of the Messenger {freeze,
                  | rN++}
 34401 | Snake:3  | Received a gift from Okawaru
 34970 | Snake:4  | Entered Level 4 of the Snake Pit
 35030 | Snake:4  | Noticed Mara
 35041 | Snake:4  | Noticed timneilson's illusion
 35045 | Snake:4  | HP: 5/184 [shock serpent (11)]
 35045 | Snake:4  | HP: 2/184 [shock serpent (3)]
 35048 | Snake:4  | Mangled by an anaconda

Illustrated notes

Levels and vault maps discovered:
D:1:      nagdon_arrival_zigzag_paths, layout_basic, serial_shops,
          nicolae_shop_statue_plus
D:2:      layout_basic, serial_shops, shop, uniq_natasha,
          uniq_crazy_yiuf_cottage
D:3:      layout_rooms, kennysheep_decorative_pillar, kennysheep_generic_room_5,
          uniq_terence
D:4:      wad_river_or_something, layout_loops_ring,
          nicolae_dithmenos_shadow_blocks, elyvilon_altar_3,
          minmay_temple_entry_junction, uniq_robin, uniq_menkaure
D:5:      old_forge, layout_loops_corners, nicolae_overflow_hidden_temple,
          hex_medium
D:6:      layout_loops_ring, mainiacjoe_overflow_six_doors_small,
          mainiacjoe_overflow_catch_the_wave
D:7:      layout_loops_ring, mainiacjoe_overflow_cross_hatched,
          lemuel_tele_altar, serial_bayou_pond_d
D:8:      minmay_recursive_quarters, layout_loops_corners, david_lair_shrubbed,
          serial_shops, kennysheep_mini, uniq_pikel
D:9:      layout_loops_ring, nicolae_yredelemnul_corpse_copse, centaur_isle,
          uniq_erica
D:10:     layout_loops_ring, nicolae_uskayaw_murder_on_the_dancefloor
D:11:     layout_loops_cross, hiddenorc2_lemuel, nrook_guardian_serpent_ordinary
D:12:     layout_grid_maze, maelrawn_ghost_gauntlet_escape
D:13:     layout_basic, uniq_maurice, uniq_nessos
D:14:     layout_long_grid, david_vaults_4, hangedman_abyss_or_decor_clamps,
          hangedman_decor_riveting, grunt_gozag_statues, uniq_agnes,
          uniq_roxanne, uniq_louise
D:15:     gammafunk_depths_entry_grave, layout_basic, serial_shops,
          nicolae_shop_hallway_plus, minivault_14
Temple:   kb_corrupted_temple
Lair:1:   layout_cave_pods, uniq_maggie
Lair:2:   layout_gridlike, minmay_shoals_entry_beasts, infiniplex_staircase_pool
Lair:3:   layout_hall_layers, grunt_megastairs_3, infiniplex_staircase_pool_2
Lair:4:   layout_regular_city, guppyfry_snake_entry_garden
Lair:5:   layout_cave_pods, enter_volcano_3
Lair:6:   hellmonk_lair_end_abyssal_woods, layout_regular_city,
          dpeg_slime_entry_enclosed_altar, nicolae_lair_lindhole, uniq_sonja
Snake:1:  layout_onion, minmay_shop_grove, grunt_megastairs_1, uniq_aizul,
          uniq_frances
Snake:2:  layout_concentric_octagons, basic_altar, nicolae_snake_mages_go_home,
          lemuel_fruit_tree, uniq_vashnia
Snake:3:  layout_grid_shapes, portal_ice_cave_entry_ice_statue_one,
          serial_bayou_lake_a
Snake:4:  grunt_snake_rune_pools, layout_cave_town, serial_shops,
          nicolae_diamond_shop, serial_bayou_ford_a, grunt_megastairs_2,
          uniq_mara
Orc:1:    layout_caves, basic_altar
Orc:2:    st_orc_open, layout_diamond_mine

Skill      XL: |  1  2  3  4  5  6  7  8  9 10 11 12 13 14 15 16 17 18 |
---------------+-------------------------------------------------------+-----
Long Blades    | 2 3 4 5 6 7 8 9 10 11 12 13 | 13.9
Armour         | 4 5 7 8 9 10 11 12 13 14 15 16 | 16.4
Shields        | 4 5 6 8 9 10 11 12 13 14 15 16 | 16.4
Dodging        | 1 2 3 4 5 6 7 8 |  8.9
Fighting       | 4 5 6 7 8 9 10 11 12 | 12.1
Invocations    | 2 3 5 6 7 8 9 10 | 10.7
Evocations     | 1 3 4 5 6 7 8 9 |  9.0
Throwing       | 1 3 4 5 6 |  6.0

Action                   |  1- 3 |  4- 6 |  7- 9 | 10-12 | 13-15 | 16-18 || total
-------------------------+-------+-------+-------+-------+-------+-------++-------
Melee: Long sword        |    90 |   212 |   601 |   525 |  1063 |  1112 ||  3603
       Unarmed           |       |       |       |     2 |       |       ||     2
       Scimitar          |       |       |       |       |    27 |    93 ||   120
Throw: Javelin           |       |       |       |       |    10 |       ||    10
Invok: Heroism           |       |       |       |    14 |    20 |    25 ||    59
       Finesse           |       |       |       |     1 |     2 |    12 ||    15
Evoke: Wand              |       |       |       |     7 |     5 |       ||    12
       Condenser vane    |       |       |       |       |       |     2 ||     2
  Use: Scroll            |     1 |     4 |     7 |     5 |     7 |     9 ||    33
       Potion            |       |     1 |       |     2 |     1 |     7 ||    11
Armor: Scale mail        |    62 |   164 |   188 |       |       |       ||   414
       Chain mail        |       |       |   116 |   144 |       |       ||   260
       Plate armour      |       |       |       |    41 |       |       ||    41
       Crystal plate arm |       |       |       |   157 |   591 |   517 ||  1265
Dodge: Dodged            |    48 |   113 |   271 |   220 |   651 |   330 ||  1633
Block: Buckler           |    27 |    51 |   345 |   360 |   680 |       ||  1463
       Reflection        |       |       |     5 |    77 |    15 |   132 ||   229
       Other             |       |       |       |     2 |       |       ||     2
       Kite shield       |       |       |       |       |   124 |       ||   124
       Tower shield      |       |       |       |       |     4 |  1329 ||  1333

Table legend: (Time is in decaauts)
 A = Elapsed time spent in this place.
 B = Non-inter-level travel time spent in this place.
 C = Inter-level travel time spent in this place.
 D = Time resting spent in this place.
 E = Time spent auto-exploring this place.
 F = Levels seen in this place.
 G = Mean time per level.
                   A        B        C        D        E       F      G
               +--------+--------+--------+--------+--------+-----+--------+
         Total |  34850 |  32821 |   2029 |   2448 |  21371 |  30 | 1161.7 |
       Dungeon |  20132 |  18935 |   1197 |   1585 |  12664 |  15 | 1342.1 |
        Temple |    111 |     95 |     16 |      0 |     82 |   1 |  111.0 |
          Lair |   7016 |   6470 |    546 |      0 |   4918 |   6 | 1169.3 |
     Snake Pit |   4753 |   4609 |    144 |    560 |   2523 |   4 | 1188.2 |
  Orcish Mines |   1858 |   1733 |    125 |    271 |    944 |   2 |  929.0 |
      Ice Cave |    806 |    806 |      0 |     32 |    239 |   1 |  806.0 |
       Volcano |    172 |    172 |      0 |      0 |      0 |   1 |  172.0 |
               +--------+--------+--------+--------+--------+-----+--------+

Top non-repeatable levels by time:
     D:2: 1933 daAuts
 Snake:1: 1854 daAuts
     D:9: 1795 daAuts
 Snake:2: 1791 daAuts
     D:8: 1709 daAuts
     D:6: 1628 daAuts
     D:5: 1468 daAuts
    D:15: 1421 daAuts
    D:12: 1412 daAuts
    D:14: 1403 daAuts
     D:1: 1353 daAuts
  Lair:2: 1340 daAuts
     D:4: 1324 daAuts
  Lair:4: 1252 daAuts
  Lair:6: 1213 daAuts
